 Dungeon Crawl Stone Soup version 0.28-a0-909-g796cbd3a86 (webtiles) character file.

Game seed: 4984832830461045025

186 ytrimaz the Ruffian (level 5, -1/55 HPs)
             Began as an Octopode Berserker on Nov 24, 2021.
             Was a Priest of Trog.
             Slain by a ball python (2 damage)
             ... in a sewer.
             The game lasted 00:03:15 (3868 turns).

ytrimaz the Ruffian (Octopode Berserker)            Turns: 3868, Time: 00:03:16

Health: -1/55      AC:  1    Str: 17    XL:     5   Next: 66%
Magic:  5/5        EV: 11    Int:  9    God:    Trog [***...]
Gold:   113        SH:  0    Dex: 12    Spells: 4/4 levels left

rFire   . . .      SeeInvis .     - Unarmed
rCold   . . .      Faith    .   (no shield)
rNeg    . . .      Spirit   .   (helmet restricted)
rPois   .          Reflect  .   (no amulet)
rElec   .          Harm     .   (no ring)
rCorr   .          Rampage  .   (no ring)
Will    .....                   (no ring)
Stlth   ..........              (no ring)
HPRegen 0.18/turn               (no ring)
MPRegen 0.09/turn               (no ring)
                                (no ring)
                                (no ring)

@: berserking, constricted, very quick
A: almost no armour, amphibious, 8 rings, camouflage 1, gelatinous body 1,
nimble swimmer 1, tentacles
a: Renounce Religion, Berserk, Trog's Hand


You were in a sewer.
You worshipped Trog.
Trog was most pleased with you.
You visited 1 branch of the dungeon, and saw 3 of its levels.
You also visited: Sewer.

You collected 113 gold pieces.

Inventory:

Jewellery
 b - a ring of ice
Scrolls
 a - 2 scrolls of enchant weapon
 d - a scroll of amnesia {unknown}
 e - a scroll of torment {unknown}
 g - a scroll of enchant armour {unknown}
 h - a scroll of blinking {unknown}
 i - a scroll of fog {unknown}
Potions
 c - a potion of attraction {unknown}
 f - a potion of haste {unknown}


   Skills:
 * Level 3.9 Fighting
 * Level 3.8 Dodging
 * Level 3.9 Stealth
 + Level 4.0 Unarmed Combat


You had 4 spell levels left.
You didn't know any spells.
Your spell library was empty.

Dungeon Overview and Level Annotations

Branches:
Dungeon (3/15)              Sewer (1/1)

Altars:


Innate Abilities, Weirdness & Mutations

You cannot wear most types of armour.
You are amphibious.
You can wear up to eight rings at the same time.
Your skin changes colour to match your surroundings (Stealth+).
Your rubbery body absorbs attacks. (AC +1, EV +1)
You are camouflaged near water. (Stealth+)
You have tentacles for arms and can constrict up to eight enemies at once.


Message History

The ball python barely misses you. The ball python misses you.
The ball python barely misses you. The ball python constricts you.
The bullfrog hits you.
You escape the ball python's grasp.
You feel a strong urge to attack something.
The ball python completely misses you. The ball python grabs you.
The ball python constricts you. The ball python bites you.
* * * LOW HITPOINT WARNING * * *
The bullfrog closely misses you.
You completely miss the ball python. Your grab misses the ball python.
The ball python bites you.
* * * LOW HITPOINT WARNING * * *
The ball python barely misses you. x2; The bullfrog misses you.
The ball python bites you but does no damage.
The ball python constricts you.
* * * LOW HITPOINT WARNING * * *
The ball python barely misses you.
You bludgeon the bullfrog! Your grab misses the bullfrog.
The bullfrog is moderately wounded.
The ball python closely misses you. The ball python bites you.
* * * LOW HITPOINT WARNING * * *
The bullfrog hits you.
* * * LOW HITPOINT WARNING * * *
The ball python barely misses you.
You tentacle-slap the bullfrog. Your grab misses the bullfrog.
The bullfrog is heavily wounded.
The ball python barely misses you. The ball python constricts you.
* * * LOW HITPOINT WARNING * * *
The ball python completely misses you. The bullfrog hits you.
* * * LOW HITPOINT WARNING * * *
Unknown command.
You closely miss the bullfrog. You grab the bullfrog.
The bullfrog is heavily wounded.
You constrict the bullfrog. The ball python barely misses you.
The ball python bites you but does no damage.
The ball python misses you. The ball python closely misses you.
The ball python constricts you.
* * * LOW HITPOINT WARNING * * *
The ball python bites you.
You die...

##...## #####...# #..'....#
#..#....# ####...##
#+####################....#
#....≈≈≈≈≈≈≈≈≈≈≈≈≈≈≈#.....#
.....≈≈≈≈≈≈≈≈SS≈≈≈≈≈≈....##
.....≈≈≈≈≈≈≈FS@F≈≈≈≈.....#
.S...≈≈≈≈≈≈≈≈#SS≈≈≈≈.....#
.S..≈≈≈≈≈≈≈..lS≈≈≈≈≈≈...##
#...#≈≈≈≈≈≈≈≈≈≈≈≈≈≈≈..###
#######################


You could see 2 bullfrogs, 6 ball pythons and a frilled lizard.

Vanquished Creatures
  4 adders
  6 river rats (Sewer)
  A worm (D:3)
  10 ball pythons
  7 endoplasms
  3 giant cockroaches
  6 goblins
  11 hobgoblins
  A jackal (D:3)
  3 quokkas
  7 bats
  3 frilled lizards (D:2)
  8 kobolds
  27 rats
97 creatures vanquished.

Vanquished Creatures (others)
  12 plants
12 creatures vanquished.

Grand Total: 109 creatures vanquished

Notes
Turn   | Place    | Note
-------+----------+-------------------------------------------
     0 | D:1      | ytrimaz the Octopode Berserker began the quest for the Orb.
     0 | D:1      | Reached XP level 1. HP: 16/16 MP: 1/1
     6 | D:1      | Noticed a hound
     6 | D:1      | Noticed a killer bee
     7 | D:1      | Noticed a black bear
     7 | D:1      | Noticed a water moccasin
    89 | D:1      | Reached XP level 2. HP: 14/21 MP: 2/2
   490 | D:1      | Reached skill level 1 in Stealth
   556 | D:1      | Reached ** piety under Trog
   561 | D:1      | Reached XP level 3. HP: 12/26 MP: 3/3
  2261 | D:2      | Reached XP level 4. HP: 32/32 MP: 4/4
  2907 | D:3      | Found a glowing drain.
  2911 | Sewer    | Entered a sewer
  3163 | Sewer    | Reached *** piety under Trog
  3164 | Sewer    | Reached XP level 5. HP: 20/37 MP: 5/5
  3568 | Sewer    | Reached skill level 4 in Unarmed Combat
  3867 | Sewer    | HP: 2/55 [bullfrog (6)]
  3868 | Sewer    | Slain by a ball python

Illustrated notes

Levels and vault maps discovered:
D:1:      onia_arrival_zoo_common, layout_basic, minmay_misc_feat_plants,
          st_stairs_1, amcnicky_mini_corridor_feature, serial_bayou_lake_a
D:2:      layout_loops_corners, serial_forest, infiniplex_forest_lined_2,
          infiniplex_forest_zigzag_1, infiniplex_forest_lined_2,
          infiniplex_forest_clump_double, infiniplex_forest_zigzag_1,
          infiniplex_forest_straight_2, infiniplex_forest_clump_medium,
          infiniplex_forest_lined_2, chequers_serial_rivers_small_b
D:3:      layout_basic, gup_sewer_entry_bowl, minmay_bisected
Sewer:    sewer_minmay_w

Skill      XL: |  1  2  3  4  5 |
---------------+----------------+-----
Stealth        | 1 2 3 |  3.9
Unarmed Combat | 4 |  4.0
Fighting       | |  3.9
Dodging        | |  3.8

Action                   |  1- 3 |  4- 6 || total
-------------------------+-------+-------++-------
Melee: Unarmed           |    81 |   108 ||   189
       Constrict         |    18 |    28 ||    46
       Tentacles         |    14 |    17 ||    31
       Punch             |     2 |     4 ||     6
Invok: Berserk           |     1 |     2 ||     3
  Use: Scroll            |     2 |       ||     2
 Stab: Sleeping          |     7 |     2 ||     9
Armor: Skin              |    11 |     8 ||    19
Dodge: Dodged            |    46 |   102 ||   148

Table legend: (Time is in decaauts)
 A = Elapsed time spent in this place.
 B = Non-inter-level travel time spent in this place.
 C = Inter-level travel time spent in this place.
 D = Time resting spent in this place.
 E = Time spent auto-exploring this place.
 F = Levels seen in this place.
 G = Mean time per level.
                   A        B        C        D        E       F      G
               +--------+--------+--------+--------+--------+-----+--------+
         Total |   3867 |   3836 |     31 |    457 |   2809 |   4 |  966.8 |
       Dungeon |   2910 |   2879 |     31 |      0 |   2516 |   3 |  970.0 |
         Sewer |    956 |    956 |      0 |    457 |    293 |   1 |  956.0 |
               +--------+--------+--------+--------+--------+-----+--------+

Top non-repeatable levels by time:
     D:2: 1380 daAuts
     D:1: 1289 daAuts
   Sewer: 956 daAuts
     D:3: 241 daAuts
